AoeStats
← joosephy

Black Forest

508228656Analyzed
3v3 RM · 11d ago on Sep 21, 2026· 30m 42s· 6 players
Game mode
Random Map
Map size
Normal (6 player)
Population
200
Speed
Normal
Resources
Standard
Victory
Conquest
Starting age
Dark Age
Ending age
Imperial Age
RankedLock teamsTeams togetherTeam positionsShared explorationLock speedFull tech treeHidden civsTurbo modeCheats
Victory
Defeat
🇹🇼 Mongols · Taiwan
1569
+11
🇮🇱 Cumans · Israel
1470
+15
🇬🇧 Persians · United Kingdom
1409
+18
🇭🇰 Ethiopians · Hong Kong SAR China
1492
-16
🇭🇰 Saracens · Hong Kong SAR China
1471
-15
🇭🇰 Teutons · Hong Kong SAR China
1404
-13
鬼見愁
11:41 Feudal Age
14:55 Double-Bit Axe
21:01 Castle Age
19:39 Horse Collar
20:32 Fletching
21:38 Bodkin Arrow
21:28 Crossbowman
22:45 Loom
24:16 Padded Archer Armor
25:19 Leather Archer Armor
hugo0379
0:44 Loom
30:42 Feudal Age
Game project 0001
4:18 Loom
13:18 Feudal Age
17:44 Castle Age
16:26 Double-Bit Axe
17:07 Horse Collar
23:44 Scale Barding Armor
26:32 Wheelbarrow
26:40 Chain Barding Armor
28:23 Bloodlines
Ash
0:51 Loom
joosephy
1:40 Loom
10:57 Feudal Age
11:52 Double-Bit Axe
14:28 Castle Age
18:22 Fletching
21:57 Wheelbarrow
22:08 Bodkin Arrow
23:11 Padded Archer Armor
25:45 Leather Archer Armor
28:25 Ballistics
29:17 Horse Collar
Wavelogic
11:46 Feudal Age
12:17 Double-Bit Axe
17:34 Fishing Lines
18:15 Loom
21:56 Castle Age
20:37 Gold Mining
20:37 Stone Mining
21:20 Bloodlines
22:51 Wheelbarrow
22:56 Bow Saw
22:42 Gillnets
23:21 Scale Barding Armor
24:12 Town Watch
24:29 Horse Collar
25:17 Capped Ram
27:21 Chain Barding Armor
27:12 Forging
27:51 Hand Cart
29:38 Iron Casting
30:43 Heavy Plow
33:35 Imperial Age
Connection lost

Rejoining the realm…

Still unreachable

The connection could not be restored.

Session expired

The server has moved on; the page needs a fresh start.